 Dungeon Crawl Stone Soup version 0.27-a0-906-g0a00ce863d (webtiles) character file.

Game seed: 8270770361339965057

54288 tilp the Frost Mage (level 14, -1/121 HPs)
             Began as a Demigod Ice Elementalist on Apr 5, 2021.
             Slain by a fire elemental (4 damage)
             ... led by Azrael
             ... while petrified by Jorgrun
             ... on level 2 of the Orcish Mines on Apr 6, 2021.
             The game lasted 01:12:01 (29256 turns).

tilp the Frost Mage (Demigod Ice Elementalist)     Turns: 29256, Time: 01:12:02

Health: -1/121     AC: 10    Str: 13    XL:     14   Next: 1%
Magic:  25/27      EV:  2    Int: 37    God:
Gold:   2339       SH:  0    Dex: 17    Spells: 8/25 levels left

rFire    . . .     SeeInvis +   a - +4 eveningstar (holy)
rCold    . . .     Faith    .   g - +2 buckler
rNeg     + + +     Spirit   .   e - +2 robe of Makhleb's Supremacy {Int+2 Dex+3 Slay+2 SInv}
rPois    ∞         Reflect  .   Y - +0 helmet
rElec    .         Harm     .   L - +0 cloak
rCorr    .         Rampage  .   v - +1 pair of gloves
Will     +....                  w - +1 pair of boots
Stlth    +++.......             K - amulet of regeneration
HPRegen  1.30/turn              Z - +6 ring of intelligence
MPRegen  0.20/turn              D - ring of wizardry

@: petrified
A: high mp 1, forlorn
a: no special abilities


You were on level 2 of the Orcish Mines.
You visited 3 branches of the dungeon, and saw 20 of its levels.
You also visited: Sewer.

You collected 3306 gold pieces.
You spent 967 gold pieces at shops.

Inventory:

Hand Weapons
 a - a +4 eveningstar of holy wrath (weapon)
 h - the +2 flail of Pacw {vorpal, rElec}
   (You found it on level 6 of the Lair of Beasts)

   It inflicts extra damage upon your enemies.
   It insulates you from electricity.
 l - a +0 dire flail of freezing
Missiles
 j - 2 atropa-tipped darts
 y - 6 throwing nets {!f}
 B - 14 boomerangs (quivered)
 F - 7 silver boomerangs {!f}
 G - a curare-tipped dart {!f}
 O - 9 silver javelins
 S - 23 poisoned darts
Armour
 e - the +2 robe of Makhleb's Supremacy (worn) {Int+2 Dex+3 Slay+2 SInv}
   (You bought it in a shop on level 3 of the Dungeon)

   It affects your intelligence (+2).
   It affects your dexterity (+3).
   It affects your accuracy and damage with ranged weapons and melee attacks
   (+2).
   It lets you see invisible.
 g - a +2 buckler (worn)
 v - a +1 pair of gloves (worn)
 w - a +1 pair of boots (worn)
 L - a +0 cloak (worn)
 Y - a +0 helmet (worn)
Magical Staves
 b - a staff of cold
Jewellery
 n - a ring of flight
 q - an amulet of guardian spirit
 z - a +6 ring of dexterity
 D - a ring of wizardry (right hand)
 K - an amulet of regeneration (around neck)
 R - a ring of protection from fire
 Z - a +6 ring of intelligence (left hand)
Wands
 c - a wand of acid (5)
 d - a wand of mindburst (6)
 i - a wand of paralysis (14)
 r - a wand of charming (5)
 t - a wand of polymorph (23)
 C - a wand of flame (55)
 V - a wand of digging (11)
Scrolls
 k - 7 scrolls of teleportation
 p - 4 scrolls of enchant weapon
 s - 2 scrolls of blinking
 H - a scroll of holy word
 M - a scroll of immolation
 N - 4 scrolls of identify
 T - a scroll of silence
Potions
 f - 2 potions of haste
 m - 2 potions of ambrosia
 u - 6 potions of lignification
 x - 2 potions of brilliance
 A - 2 potions of resistance
 E - 7 potions of curing
 I - 2 potions of might
 Q - 2 potions of invisibility
 U - 3 potions of cancellation
 W - a potion of attraction
 X - a potion of mutation
Miscellaneous
 J - a tin of tremorstones (2/2)
 P - a lightning rod (4/4)


   Skills:
 - Level 10.0 Fighting
 + Level 11.0 Maces & Flails
 - Level 6.0 Dodging
 - Level 4.0 Stealth
 - Level 4.0 Shields
 - Level 6.0 Spellcasting
 - Level 14.0 Ice Magic
 - Level 6.4 Evocations


You had 8 spell levels left.
You knew the following spells:

 Your Spells              Type           Power      Damage    Failure   Level
a - Freeze                Ice            100%       1d11      0%          1
b - Frozen Ramparts       Ice            100%       1d12      1%          3
c - Ozocubu's Armour      Ice            85%        N/A       1%          3
d - Hailstorm             Conj/Ice       58%        3d13      1%          4
e - Summon Ice Beast      Ice/Summ       58%        N/A       1%          4
f - Blink                 Tloc           N/A        N/A       1%          2

Your spell library contained the following spells:

 Spells                   Type           Power      Damage    Failure   Level
 Magic Dart               Conj           44%        1d5       1%          1
 Call Imp                 Summ           11%        N/A       1%          2
 Slow                     Hex            11%        N/A       1%          2
 Conjure Flame            Conj/Fire      11%        6-21      4%          3
 Gell's Gravitas          Tloc           5%         N/A       4%          3
 Ignite Poison            Fire/Tmut/Pois 11%        N/A       4%          3
 Lesser Beckoning         Tloc           5%         N/A       4%          3
 Mephitic Cloud           Conj/Pois/Air  11%        N/A       4%          3
 Teleport Other           Tloc           11%        N/A       4%          3
 Bolt of Magma            Conj/Fire/Erth 5%         4d5       32%         5
 Fireball                 Conj/Fire      5%         3d5       32%         5
 Iskenderun's Battlesphe  Conj           11%        2d7       32%         5
 Manifold Assault         Tloc           11%        N/A       32%         5
 Iron Shot                Conj/Erth      5%         9d2       86%         6
 Starburst                Conj/Fire      5%         8x6d4     86%         6
 Orb of Destruction       Conj           5%         9d2       100%        7
 Spellforged Servitor     Conj/Summ      5%         N/A       100%        7
 Ignition                 Fire           5%         3d4       100%        8


Dungeon Overview and Level Annotations

Branches:
Dungeon (12/15)            Temple (0/1) D:4            Lair (6/6) D:9
  Swamp (0/4) Lair:3       Spider (0/4) Lair:2        Slime (0/5) Lair:5
    Orc (2/2) D:12            Elf (0/3) Orc:2         Sewer (visited)

Shops:
D:2 (   D:3 [   D:6 (***   D:10 *

Portals:
Gauntlet: Orc:2

Annotations:
D:9 3 runed translucent doors, bmj180's ghost, novice DrCj
D:10 Harold; Maggie
D:11 1 runed translucent door, tsouns's ghost, journeyman DjEE
Lair:1 exclusion: 3 oklob plants
Lair:6 1 runed translucent door (ice dragon)
Orc:2 Jorgrun


Innate Abilities, Weirdness & Mutations

Your attributes grow dramatically as you level up.
You have an increased reservoir of magic. (+10% MP)
You shall have no god before yourself.


Message History

The orc wizard points at itself and mumbles some strange words.
The orc wizard flickers and vanishes for a moment.
You have turned to stone.
The fire elemental hits you. The fire elemental burns you!
The fire elemental hits you. The fire elemental burns you!
The fire elemental hits you. The fire elemental burns you!
The orc wizard hits you but does no damage.
The fire elemental hits you. The fire elemental burns you!
The fire elemental hits you. The fire elemental burns you!
The fire elemental hits you. The fire elemental burns you!
The orc wizard casts a spell at you. The magic dart hits you.
The fire elemental hits you. The fire elemental burns you!
* * * LOW HITPOINT WARNING * * *
The fire elemental hits you. The fire elemental burns you!
* * * LOW HITPOINT WARNING * * *
The fire elemental hits you. The fire elemental burns you!
* * * LOW HITPOINT WARNING * * *
The fire elemental hits you. The fire elemental burns you!
* * * LOW HITPOINT WARNING * * *
The fire elemental hits you. The fire elemental burns you!
* * * LOW HITPOINT WARNING * * *
The fire elemental hits you. The fire elemental burns you!
* * * LOW HITPOINT WARNING * * *
The orc wizard hits you but does no damage.
The fire elemental hits you. The fire elemental burns you!
* * * LOW HITPOINT WARNING * * *
The fire elemental hits you. The fire elemental burns you!
* * * LOW HITPOINT WARNING * * *
The fire elemental hits you. The fire elemental burns you!
* * * LOW HITPOINT WARNING * * *
The orc wizard hits you but does no damage.
Jorgrun points at you and mumbles some strange words.
You resist with significant effort. The fire elemental hits you.
The fire elemental burns you!
* * * LOW HITPOINT WARNING * * *
The fire elemental hits you. The fire elemental burns you!
* * * LOW HITPOINT WARNING * * *
The fire elemental hits you. The fire elemental burns you!
You die...

..............$.
....................
....................
........#........$..
....................
.........>....†....
..........∩....
......g........
#....o@E†.....
##...EE.......
#......).....
##[..........
............$
..............
.....#.........
.##..#.....$#.#


You could see Jorgrun, 3 fire elementals and an orc wizard (invisible).

Vanquished Creatures
  Azrael (Orc:1)
  5 hydras
  Erolcha (D:9)
  A boulder beetle (Lair:5)
  2 two-headed ogres
  2 lindwurms (Lair:6)
  An orc knight (Orc:2)
  16 elephants
  4 black mambas
  8 torpor snails
  15 cane toads
  2 kobold demonologists (D:10)
  An unseen horror (D:12)
  5 rime drakes
  8 komodo dragons
  4 jumping spiders (Lair:2)
  2 trolls (Orc:1)
  3 tyrant leeches (Lair:6)
  2 polar bears
  9 hornets
  12 blink frogs
  7 dream sheep (Lair:6)
  3 slime creatures
  4 redbacks (Lair:2)
  A wraith (D:11)
  40 yaks
  3 wyverns
  A fire elemental (Orc:2)
  Eustachio (D:6)
  4 basilisks
  2 steam dragons
  A vampire mosquito (Lair:3)
  Grum (D:6)
  2 wargs
  4 hell hounds
  20 water moccasins
  7 orc warriors
  An ice beast (D:7)
  3 black bears
  A necrophage (D:4)
  3 ogres
  6 wolves (Lair:4)
  8 centaurs
  2 phantoms
  4 kobold brigands
  5 gnoll sergeants (D:6)
  2 wyvern zombies
  A scorpion (D:7)
  13 bullfrogs
  A water moccasin skeleton (D:5)
  4 killer bees
  6 wights
  An electric eel (Lair:3)
  2 bullfrog zombies
  3 howler monkeys
  4 centaur zombies
  14 hounds
  5 jellies
  2 centaur skeletons
  2 gnoll shamans
  11 orc priests
  Jessica (D:2)
  3 iguanas
  17 orc wizards
  5 hell rats (Lair:1)
  3 killer bee zombies
  A hound skeleton (D:4)
  4 adders
  22 gnolls
  5 howler monkey zombies
  2 white imps
  2 ufetubi
  2 worms
  4 dart slugs
  51 orcs
  5 ball pythons
  9 bats
  6 endoplasms
  7 giant cockroaches
  6 hobgoblins
  9 jackals
  18 kobolds
  8 quokkas
  12 frilled lizards
  7 goblins
  8 rats
  2 bushes (Lair:6)
528 creatures vanquished.

Vanquished Creatures (collateral kills)
  A hydra (Lair:4)
  Urug (Lair:4)
  An orc knight (Orc:1)
  A gargoyle (D:10)
  2 slime creatures (D:9)
  Sigmund (D:5)
  A yak (D:10)
  2 vampire mosquitoes (Lair:3)
  An orc warrior (Orc:2)
  A kobold brigand (D:10)
  An orc priest (Orc:2)
  A kobold (D:11)
14 creatures vanquished.

Vanquished Creatures (others)
  A gnoll (D:6)
  A jackal (D:6)
  A bush (Lair:6)
  70 fungi
  111 plants
184 creatures vanquished.

Grand Total: 726 creatures vanquished

Notes
Turn   | Place    | Note
-------+----------+-------------------------------------------
     0 | D:1      | tilp the Demigod Ice Elementalist began the quest for the
                  | Orb.
     0 | D:1      | Reached XP level 1. HP: 14/14 MP: 5/5
   298 | D:1      | Reached skill level 4 in Ice Magic
   298 | D:1      | Reached XP level 2. HP: 17/20 MP: 5/7
  1012 | D:1      | Reached skill level 1 in Fighting
  1250 | D:1      | Reached XP level 3. HP: 28/28 MP: 6/8
  1254 | D:1      | Learned a level 3 spell: Frozen Ramparts
  1483 | D:2      | Noticed Jessica
  1490 | D:2      | Killed Jessica
  1804 | D:2      | Reached XP level 4. HP: 35/37 MP: 9/9
  1898 | D:2      | Found Carphishras's Weapon Shop.
  2239 | D:2      | Learned a level 3 spell: Ozocubu's Armour
  2286 | D:3      | Found Woucwoit's Antique Armour Shop.
  2943 | D:4      | Reached XP level 5. HP: 44/45 MP: 10/10
  3523 | D:4      | Noticed a necrophage
  3531 | D:4      | Killed a necrophage
  3532 | D:4      | Reached skill level 5 in Ice Magic
  3590 | D:4      | Reached XP level 6. HP: 52/52 MP: 4/11
  4001 | D:4      | Reached skill level 6 in Ice Magic
  4009 | D:4      | Reached skill level 1 in Evocations
  4674 | D:4      | Found a staircase to the Ecumenical Temple.
  4795 | D:5      | Entered Level 5 of the Dungeon
  4874 | D:5      | Noticed Sigmund
  4888 | D:5      | Reached XP level 7. HP: 57/58 MP: 5/13
  5001 | D:3      | Bought a fabulously ornate robe for 171 gold pieces
  5001 | D:3      | Identified the +2 robe of Makhleb's Supremacy {Int+2 Dex+3
                  | Slay+2 SInv} (You bought it in a shop on level 3 of the
                  | Dungeon)
  5013 | D:3      | Bought a pair of boots for 135 gold pieces
  5922 | D:6      | Found Fecullec's Assorted Antiques.
  6022 | D:6      | Found a glowing drain.
  6026 | Sewer    | Entered a sewer
  6822 | D:6      | Found Fation's Weapon Boutique.
  6823 | D:6      | Found Wilya's Assorted Antiques.
  6823 | D:6      | Found Juvuewem's General Store.
  7064 | D:6      | Reached XP level 8. HP: 66/66 MP: 9/16
  7068 | D:6      | Reached skill level 7 in Ice Magic
  7116 | D:6      | Noticed Eustachio
  7128 | D:6      | Killed Eustachio
  7166 | D:6      | Reached skill level 8 in Ice Magic
  7171 | D:6      | Learned a level 4 spell: Hailstorm
  7176 | D:6      | Learned a level 4 spell: Summon Ice Beast
  8748 | D:6      | Noticed Grum
  8756 | D:6      | Killed Grum
  8883 | D:6      | Reached XP level 9. HP: 70/73 MP: 10/18
  8965 | D:6      | Reached skill level 5 in Fighting
  9375 | D:6      | Identified a scroll of acquirement
  9375 | D:6      | Acquired 575 gold pieces
  9483 | D:3      | Bought a runed buckler for 225 gold pieces
  9538 | D:6      | Bought a scroll labelled COJ HYRHOYS for 17 gold pieces
  9542 | D:6      | Bought a scroll of identify for 60 gold pieces
  9550 | D:6      | Bought a scroll of identify for 28 gold pieces
  9550 | D:6      | Bought a scroll of blinking for 105 gold pieces
  9554 | D:6      | Bought a potion of curing for 51 gold pieces
  9554 | D:6      | Bought an encrusted moonstone ring for 85 gold pieces
  9559 | D:6      | Bought a scroll of teleportation for 90 gold pieces
  9716 | D:7      | Reached skill level 1 in Shields
  9732 | D:7      | Upgraded the game from 0.27-a0-898-g810843a28d to
                  | 0.27-a0-906-g0a00ce863d
 10079 | D:7      | Noticed a two-headed ogre
 10349 | D:7      | Killed a two-headed ogre
 11258 | D:8      | Reached skill level 9 in Ice Magic
 13115 | D:9      | Reached XP level 10. HP: 83/83 MP: 8/19
 13525 | D:9      | Reached skill level 10 in Ice Magic
 13528 | D:9      | Learned a level 2 spell: Blink
 13789 | D:9      | Reached skill level 5 in Spellcasting
 14121 | D:9      | Found a runed translucent gate.
 14122 | D:9      | Found a runed translucent gate.
 14123 | D:9      | Found a runed translucent gate.
 14123 | D:9      | Noticed bmj180's ghost (novice DrCj)
 14357 | D:9      | Found a staircase to the Lair.
 14807 | D:9      | Noticed Erolcha
 14818 | D:9      | Killed Erolcha
 15175 | D:5      | Killed Sigmund
 15282 | D:10     | Entered Level 10 of the Dungeon
 15314 | D:10     | Noticed Maggie
 15374 | D:10     | Reached skill level 5 in Dodging
 15699 | D:10     | Noticed Harold
 15738 | D:10     | Noticed a two-headed ogre
 15742 | D:10     | Killed a two-headed ogre
 15971 | D:10     | Reached XP level 11. HP: 92/92 MP: 19/24
 16344 | D:10     | Found Icuczen's Elemental Accessories.
 16606 | D:11     | Found a runed translucent door.
 16606 | D:11     | Noticed tsouns's ghost (journeyman DjEE)
 17606 | Lair:1   | Entered Level 1 of the Lair of Beasts
 18012 | Lair:1   | Reached skill level 11 in Ice Magic
 18602 | Lair:2   | Noticed a six-headed hydra
 18760 | Lair:2   | Noticed a four-headed hydra
 18833 | Lair:2   | Killed a four-headed hydra
 19242 | Lair:2   | Reached skill level 12 in Ice Magic
 19615 | Lair:2   | Found a hole to the Spider Nest.
 19941 | Lair:2   | Killed a six-headed hydra
 20830 | Lair:3   | Reached skill level 10 in Fighting
 20830 | Lair:3   | Reached XP level 12. HP: 106/106 MP: 7/25
 21124 | Lair:3   | Reached skill level 5 in Evocations
 21561 | Lair:3   | Found a staircase to the Swamp.
 22490 | Lair:4   | Noticed Urug
 22883 | Lair:4   | Noticed a six-headed hydra
 22894 | Lair:4   | Killed a six-headed hydra
 22895 | Lair:4   | Reached skill level 13 in Ice Magic
 23005 | Lair:4   | Killed Urug
 23991 | Lair:5   | Noticed a boulder beetle
 24019 | Lair:5   | Killed a boulder beetle
 24227 | Lair:5   | Reached skill level 14 in Ice Magic
 24228 | Lair:5   | Reached skill level 1 in Maces & Flails
 24551 | Lair:5   | Found a staircase to the Slime Pits.
 24639 | Lair:5   | Reached XP level 13. HP: 88/113 MP: 11/26
 24887 | Lair:5   | Acquired 972 gold pieces
 25037 | Lair:5   | Reached skill level 5 in Maces & Flails
 25537 | Lair:6   | Entered Level 6 of the Lair of Beasts
 26816 | Lair:6   | Found a runed translucent door.
 27695 | Lair:6   | Reached skill level 10 in Maces & Flails
 27840 | Lair:6   | Identified the +2 flail of Pacw {vorpal, rElec}
 28395 | D:12     | Found a staircase to the Orcish Mines.
 28474 | Orc:1    | Entered Level 1 of the Orcish Mines
 28944 | Orc:2    | Entered Level 2 of the Orcish Mines
 28944 | Orc:2    | Found a staircase to the Elven Halls.
 28949 | Orc:2    | Noticed Jorgrun
 29118 | Orc:2    | Found a gate leading to a gauntlet.
 29118 | Orc:2    | Noticed Azrael
 29129 | Orc:1    | Killed Azrael
 29130 | Orc:1    | Reached XP level 14. HP: 80/121 MP: 6/27
 29256 | Orc:2    | HP: 3/121 [fire elemental[Azrael] (4)]
 29256 | Orc:2    | Slain by a fire elemental

Illustrated notes

Levels and vault maps discovered:
D:1:      amcnicky_arrival_blooded_trapdoor, layout_loops_ring,
          chequers_ecumenical_altar_island, minmay_pentomino_s2
D:2:      layout_loops_cross, serial_shops, nicolae_shop_stone,
          grunt_ministairs_8, st_stairs_10, uniq_jessica
D:3:      layout_basic, grunt_temple_overflow_open, serial_shops,
          nicolae_shop_overgrown_old_shop, grunt_decor_junction,
          amcnicky_mini_pool_small
D:4:      layout_basic, amcnicky_altar_gilded, minmay_temple_entry_fiery
D:5:      layout_basic, uniq_sigmund
D:6:      layout_cave_pools, kennysheep_little_box, old_standard_altar,
          serial_gnoll_camp, grums_kennel, gnoll_camp_mini_doghouse,
          gnoll_camp_mini_hut, gnoll_camp_mini_basic, gnoll_camp_mini_hut,
          gnoll_camp_huts_moat, gup_sewer_entry_spiral, minmay_shop_grid_forest,
          uniq_eustachio
D:7:      cheibrodos_barr_body, layout_gridville, kennysheep_mini,
          small_statue_intersection
D:8:      layout_layer_cave, nemelex_spade_bored_becter, hex_medium,
          grunt_ministairs_11
D:9:      layout_irregular_city, due_lair_maze_entry_diamond,
          gammafunk_ghost_nasty_kobolds, columned_hall_lemuel, uniq_erolcha
D:10:     layout_roguey, nicolae_elemental_shop, minmay_diced_spiral,
          uniq_harold, uniq_maggie, uniq_grum
D:11:     layout_small_grid, ebering_ghost_reflecting_pool
D:12:     layout_stronghold, david_orc_3
Lair:1:   layout_loops_ring, minmay_lair_oklob_chamber,
          infiniplex_staircase_pool_2
Lair:2:   layout_chaotic_city, nicolae_spider_entry_tight_spaces
Lair:3:   layout_cave_pods, minmay_swamp_entry_swarm, lemuel_fruit_tree
Lair:4:   layout_long_grid, uniq_urug
Lair:5:   layout_gridlike, minmay_slime_entry_pillars, serial_bayou_shore_a
Lair:6:   wormcave, layout_loops_ring, grunt_megastairs_3
Orc:1:    layout_diamond_mine
Orc:2:    st_orc_rangers, layout_caves, basic_altar, gauntlet_entry_generic,
          uniq_jorgrun, uniq_maurice, uniq_azrael

Skill      XL: |  1  2  3  4  5  6  7  8  9 10 11 12 13 14 |
---------------+-------------------------------------------+-----
Spellcasting   | 2 3 4 6 |  6.0
Ice Magic      | 4 5 6 8 9 10 12 14 | 14.0
Stealth        | 2 3 4 |  4.0
Dodging        | 2 3 4 6 |  6.0
Fighting       | 1 2 3 4 6 7 10 | 10.0
Evocations     | 2 4 6 |  6.4
Shields        | 4 |  4.0
Maces & Flails | 3 10 11 | 11.0

Action                   |  1- 3 |  4- 6 |  7- 9 | 10-12 | 13-15 || total
-------------------------+-------+-------+-------+-------+-------++-------
Melee: Short sword       |    11 |       |       |       |       ||    11
       Whip              |     5 |   130 |   309 |   353 |       ||   797
       Eveningstar       |       |       |       |    64 |   224 ||   288
Throw: Stone             |     3 |     1 |     7 |       |       ||    11
       Dart              |     1 |       |       |       |       ||     1
       Boomerang         |       |       |     4 |    46 |    24 ||    74
 Cast: Freeze            |    49 |       |     6 |    26 |     2 ||    83
       Frozen Ramparts   |     3 |    10 |    45 |    83 |    41 ||   182
       Ozocubu's Armour  |       |     8 |    51 |    90 |    49 ||   198
       Hailstorm         |       |       |    21 |   123 |    62 ||   206
       Summon Ice Beast  |       |       |     1 |    19 |     3 ||    23
       Blink             |       |       |       |     1 |       ||     1
Evoke: Wand              |       |       |     8 |     8 |       ||    16
  Use: Scroll            |       |     7 |    14 |     7 |     6 ||    34
       Potion            |       |     2 |       |       |       ||     2
 Stab: Sleeping          |     2 |     1 |     2 |     1 |     1 ||     7
Armor: Robe              |     3 |    59 |   137 |   176 |   142 ||   517
Dodge: Dodged            |    28 |   101 |   284 |   323 |   164 ||   900
Block: Buckler           |       |       |    23 |   199 |    76 ||   298

Table legend: (Time is in decaauts)
 A = Elapsed time spent in this place.
 B = Non-inter-level travel time spent in this place.
 C = Inter-level travel time spent in this place.
 D = Time resting spent in this place.
 E = Time spent auto-exploring this place.
 F = Levels seen in this place.
 G = Mean time per level.
                   A        B        C        D        E       F      G
               +--------+--------+--------+--------+--------+-----+--------+
         Total |  29656 |  27808 |   1848 |   6943 |  16118 |  21 | 1412.2 |
       Dungeon |  17231 |  15893 |   1338 |   3767 |   9517 |  12 | 1435.9 |
          Lair |  10795 |  10290 |    505 |   2803 |   5739 |   6 | 1799.2 |
  Orcish Mines |    784 |    779 |      5 |    233 |    410 |   2 |  392.0 |
         Sewer |    846 |    846 |      0 |    140 |    451 |   1 |  846.0 |
               +--------+--------+--------+--------+--------+-----+--------+

Top non-repeatable levels by time:
  Lair:6: 2635 daAuts
  Lair:3: 2499 daAuts
     D:6: 2405 daAuts
     D:9: 2099 daAuts
     D:4: 1931 daAuts
     D:8: 1893 daAuts
     D:7: 1722 daAuts
  Lair:2: 1696 daAuts
     D:5: 1590 daAuts
  Lair:5: 1506 daAuts
  Lair:4: 1354 daAuts
     D:1: 1345 daAuts
    D:11: 1195 daAuts
    D:10: 1153 daAuts
  Lair:1: 1103 daAuts
